AoeStats
← Blazing Cartesia, The Virtuous

Arabia

509983318Analyzed
1v1 RM · 3d ago on Sep 28, 2026· 63m 29s· 2 players
Game mode
Random Map
Map size
Tiny (2 player)
Population
200
Speed
Normal
Resources
Standard
Victory
Conquest
Starting age
Dark Age
Ending age
Imperial Age
RankedLock teamsTeams togetherTeam positionsShared explorationLock speedFull tech treeHidden civsTurbo modeCheats
Victory
Defeat
🇧🇷 Goths · Brazil
1252
+17
1266
-17
Acey
6:30 Loom
9:37 Feudal Age
14:16 Forging
18:07 Wheelbarrow
21:02 Castle Age
19:11 Horse Collar
19:44 Scale Barding Armor
19:39 Gold Mining
21:11 Scale Barding Armor
22:12 Chain Barding Armor
21:52 Double-Bit Axe
24:20 Iron Casting
25:49 Husbandry
28:38 Pikeman
29:19 Squires
32:16 Scale Mail Armor
34:59 Heavy Plow
37:43 Imperial Age
35:00 Town Watch
37:22 Hand Cart
37:24 Bow Saw
39:11 Chain Mail Armor
40:06 Blast Furnace
39:26 Anarchy
43:48 Fletching
46:08 Conscription
46:06 Elite Skirmisher
46:48 Padded Archer Armor
48:08 Ballistics
52:03 Chemistry
51:14 Masonry
51:12 Halberdier
54:29 Leather Archer Armor
54:12 Bodkin Arrow
54:26 Elite Huskarl
55:17 Perfusion
58:57 Architecture
Blazing Cartesia, The Virtuous
5:48 Loom
8:47 Feudal Age
9:07 Double-Bit Axe
10:48 Horse Collar
21:21 Castle Age
20:39 Bloodlines
22:07 Bow Saw
22:00 Heavy Plow
22:32 Husbandry
22:49 Gold Mining
24:13 Scale Barding Armor
25:22 Forging
25:15 Crossbowman
26:54 Chain Barding Armor
30:39 Fletching
32:37 Wheelbarrow
33:02 Bodkin Arrow
34:22 Ballistics
34:40 Padded Archer Armor
36:00 Thumb Ring
39:56 Imperial Age
41:16 Chemistry
40:42 Leather Archer Armor
42:20 Cavalier
45:34 Hand Cart
44:56 Savar
45:57 Town Watch
48:35 Crop Rotation
49:31 Iron Casting
57:50 Light Cavalry
Connection lost

Rejoining the realm…

Still unreachable

The connection could not be restored.

Session expired

The server has moved on; the page needs a fresh start.